Unix NetHack Version 5.0.0-0 post-release - last build Jun 10 2026 00:39:30 (3ee93aec679c4c4259841fe613dc97188e26a321,branch:main).

Game began 2026-06-15 12:41:30, ended 2026-06-15 13:10:43.

Drastanta, neutral male human Barbarian

   ----                                         ---          ---
   |..--                              ---      --.----    ---..|
 ---...--           ---              --.--------.....--   |....|  ----
 |......--         --.|--------------|..^.............|---|.<-  ---..|  ---
 |..(....|----     |..|...|...|..|*.[|................|...|.--  |....---..--
 --......--..|     |..|...|...|..|/..|.........--.--..%...|.--- |..........|
  ---.--.....|     |..--|---|-|..|.@.|..-----..|...|..|...|...---..........|
    ---|.....--    --.........-|---)--..|(..|--|......-----................|
      --......--   --.-----.)...........)..(|..|...|..(............---...---
   ----........|   |..|..%|...-+--o...).|.%(|..|---|.............--- --..|
   |...........|   |..|...-)..|  |@..d[.-----..|(((|.*.----.|....| -------
   |.........).----|..|...|...|  |.)..).o...@..|(((|...+  |--....---.---  ----
  --...........>..||-.-------------|---.....-+-|...|...|  |............----..|
 --.........--..|.||.............)....|-|...|..|-|--...----..................|
 |.......------.|.---.--------...[----|..|..|...........|.............--------
 --......--   --|..|..|......|..).-.%%|..|..---......#................|
  ---.....|     --...-|._....-..).|.%%|..|........{...............--.--
    ---...|      --...|......|..))--------.....#....|..-........------
      |..--       -----------|..................................|
      ----                   -----------------.......--.|.....---
                                               ##*####.-.....#
Drastanta the Bandit       St:18/01 Dx:18 Co:18 In:7 Wi:7 Ch:6  Neutral
Dlvl:5  $:72 HP:0(73) Pw:10(10) AC:7  Xp:6 T:2407 

Latest messages:
 The Uruk-hai puts on a pair of iron shoes.
 You attack thin air.
 The Uruk-hai shoots 2 poisoned orcish arrows!
 The 1st poisoned orcish arrow misses you.
 You are hit by the 2nd poisoned orcish arrow!
 The poison doesn't seem to affect you.
 The Uruk-hai wields an orcish short sword!
 You kill the Uruk-hai!
 $ - 32 gold pieces (72 in total).
 Idefix eats an orc shaman corpse.
 The Uruk-hai thrusts her orcish short sword.
 The Uruk-hai hits!
 The Uruk-hai shoots 2 poisoned orcish arrows!
 You are hit by the 1st poisoned orcish arrow!
 The poison doesn't seem to affect you.
 The 2nd poisoned orcish arrow misses you.
 The Uruk-hai picks up 11 darts.
 The Uruk-hai thrusts her orcish short sword.
 The Uruk-hai hits!
 You smite the Uruk-hai!
 The Uruk-hai picks up 17 darts.
 The Uruk-hai thrusts her orcish short sword.
 The Uruk-hai hits!
 You smite the Uruk-hai.
 The Uruk-hai thrusts her orcish short sword.
 The Uruk-hai hits!
 You kill the Uruk-hai!
 The Uruk-hai picks up a dagger.
 You see here a dagger.
 The Uruk-hai shoots 2 poisoned orcish arrows!
 The 1st poisoned orcish arrow misses you.
 You are hit by the 2nd poisoned orcish arrow.
 You hear the howling of the CwnAnnwn...
 The poison doesn't seem to affect you.
 The Uruk-hai picks up an orcish helm.
 The Uruk-hai picks up an orcish cloak.
 The Uruk-hai wields a dagger!
 The Uruk-hai puts on an orcish cloak.
 The Uruk-hai picks up an orcish short sword.
 The Uruk-hai wields an orcish bow!
 The Uruk-hai picks up a rusty pair of iron shoes.
 The Uruk-hai wields a dagger!
 The Uruk-hai puts on a rusty pair of iron shoes.
 You smite the Uruk-hai!
 The Uruk-hai picks up an Uruk-hai shield.
 The Uruk-hai thrusts his dagger.
 The Uruk-hai hits!
 You die...
 Adjama looks at your corpse and sighs.
 Do you want your possessions identified? [ynq] (y) q

Inventory:
 Coins    ('$')
  $ - 72 gold pieces
 Weapons  (')')
  b - a blessed rusty +1 axe (weapon in right hand)
  a - a +0 two-handed sword (alternate weapon; not wielded)
 Armor    ('[')
  G - an uncursed +0 pair of iron shoes
  H - an uncursed +0 pair of iron shoes
  O - an uncursed +0 pair of iron shoes
  o - a cursed +0 pair of iron shoes
  P - a cursed -1 dwarvish cloak
  c - an uncursed +0 ring mail (being worn)
 Comestibles  ('%')
  E - an uncursed Can of White Monster
  d - 2 uncursed food rations
 Scrolls  ('?')
  k - an uncursed scroll of enchant weapon
  J - an uncursed scroll of remove curse
 Potions  ('!')
  M - an uncursed potion of object detection
  m - a blessed potion of oil
  q - an uncursed potion of paralysis
  h - an uncursed potion of water
 Tools    ('(')
  D - an uncursed lock pick
  u - a +0 pick-axe
  z - an uncursed tin whistle
 Gems/Stones  ('*')
  r - an uncursed worthless piece of blue glass

Drastanta the Barbarian's attributes:

Background:
 You were a Bandit, a level 6 male human Barbarian.
 You were neutral, on a mission for Crom
 who was opposed by Mitra (lawful) and Set (chaotic).
 You were right-handed.
 You were in the Gnomish Mines, on level 5.
 You entered the dungeon 2407 turns ago.
 There was a new moon in effect when your adventure ended.
 You had 595 experience points, 45 more were needed to attain level 7.

Basics:
 You had 0 out of 73 hit points.
 You had all 10 energy points (spell power).
 Your armor class was 7.
 Your wallet contained 72 zorkmids.
 Autopickup was on for '$' plus thrown.

Final Characteristics:
 Your strength was 18/01 (limit:18/100).
 Your dexterity was 18 (limit:18).
 Your constitution was 18 (limit:18).
 Your intelligence was 7 (limit:18).
 Your wisdom was 7 (limit:18).
 Your charisma was 6 (limit:18).

Final Status:
 You weren't hungry.
 You were unencumbered.
 You were wielding an axe.
 You had basic skill with axe and could have enhanced that.

Final Attributes:
 You were piously aligned.
 You were poison resistant.
 You were warded.
 You are dead.

Miscellaneous:
 You encountered 1 bones level.
 Total elapsed playing time was 29 minutes and 12 seconds.

Major events:
 Turn
    1: Drastanta the neutral male human Barbarian entered the dungeon
  569: entered the Gnomish Mines
  588: attained the rank of Pillager (level 3)
 1445: reached Mine Town
 1726: attained the rank of Bandit (level 6)
 2407: killed by an Uruk-hai

You didn't know any spells.

Skills:
 Fighting Skills
   bare handed combat [Basic]
   two weapon combat  [Unskilled]
   riding             [Unskilled]
 Weapon Skills
   dagger             [Unskilled]
   axe                [Basic]
   pick-axe           [Unskilled]
   short sword        [Unskilled]
   broadsword         [Unskilled]
   long sword         [Unskilled]
   two-handed sword   [Basic]
   saber              [Unskilled]
   club               [Unskilled]
   mace               [Unskilled]
   morning star       [Unskilled]
   flail              [Unskilled]
   hammer             [Unskilled]
   quarterstaff       [Unskilled]
   spear              [Unskilled]
   trident            [Unskilled]
   bow                [Unskilled]
 Spellcasting Skills
   attack spells      [Unskilled]
   escape spells      [Unskilled]

Voluntary challenges:
 Character rerolling was not enabled.
 You never genocided any monsters.
 You never polymorphed an object.
 You never changed form.
 You used no wishes.
Achievements:
 You entered the Gnomish Mines.
 You attained the rank of Pillager.
 You entered Minetown.
 You entered a temple.
 You entered a shop.
 You attained the rank of Bandit.

 The Dungeons of Doom: levels 1 to 3
    Level 1:
    Level 2:
       Some fountains.
       Stairs down to The Gnomish Mines.
    Level 3:
 The Gnomish Mines: levels 3 to 7
    Level 3:
    Level 4:
    Level 5: <- You were here.
       Many shops, a temple and an altar, some fountains, some trees.
       Final resting place for
          you, killed by an Uruk-hai.
    Level 6:
    Level 7:
       Final resting place for
          nethacknoob-Kni-Hum-Mal-Law, killed by a gray unicorn.


Vanquished creatures:
  a giant beetle
  a mountain nymph
  2 Uruk-hai
 an orc shaman
  a violet fungus
  7 gnome leaders
  a kobold mummy
  a gray ooze
 10 dwarves
  3 rothes
  a centipede
  a monkey
 an iguana
  a gas spore
  4 hobbits
  4 cave spiders
 35 gnomes
  2 geckos
  3 jackals
  2 foxes
  5 kobolds
  a goblin
  2 sewer rats
  5 newts
95 creatures vanquished.

No species were genocided or became extinct.

Game over:
                       ----------
                      /          \
                     /    REST    \
                    /      IN      \
                   /     PEACE      \
                  /                  \
                  |    Drastanta     |
                  |      72 Au       |
                  |   killed by an   |
                  |     Uruk-hai     |
                  |                  |
                  |                  |
                  |       2026       |
                 *|     *  *  *      | *
        _________)/\\_//(\/(/\)/\//\/|_)_______

Goodbye Drastanta the Barbarian...

You died in The Gnomish Mines on dungeon level 5 with 2755 points,
and 72 pieces of gold, after 2407 moves.
You were level 6 with a maximum of 73 hit points when you died.

